Map: Lost Temple

Players

Mushikun - Winner!

  • Race: Zerg Zerg
  • Spawn Location: 12:00

A.I. 1 (Very Hard) - Winner!

  • Race: Zerg Zerg
  • Spawn Location: 9:00

A.I. 2 (Very Hard)

  • Race: Zerg Zerg
  • Spawn Location: 6:00

A.I. 3 (Very Hard)

  • Race: Zerg Zerg
  • Spawn Location: 3:00

VOD

Have the link to the VOD?

Description

Time

  • Played on: Feb. 24, 2025, 12:48 p.m.
  • Length: 17:40
Show
View Real Time Build Order
Export as new Build Order

Mushikun Zerg - Winner!

Build Orders: Hatch First 

Get SALT Encoding   

  12  0:02  Drone  
  13  0:12  Overlord  
  13  0:17  Drone  
  14  0:26  Drone, Extractor  
  15  0:35  Drone x2  
  17  0:56  Drone  
  18  0:59  Hatchery  
  18  1:03  Overlord  
  17  1:20  Spawning Pool  
  17  1:21  Drone  
  17  1:29  Drone  
  18  1:39  Drone  
  19  1:57  Hatchery  
  18  2:07  Extractor  
  17  2:08  Extractor  
  17  2:12  Drone  
  17  2:13  Drone x3  
  20  2:20  Queen  
  22  2:24  Queen  
  24  2:34  Drone x3  
  27  2:48  Drone x3  
  30  3:05  Lair  
  30  3:16  Drone  
  30  3:17  Drone x4  
  35  3:27  Extractor  
  34  3:52  Drone x3  
  34  3:54  Hatchery, Drone  
  34  3:55  Drone x5  
  42  3:57  Overlord x2  
  42  4:02  Overlord  
  42  4:06  Overlord  
  42  4:16  Extractor  
  41  4:22  Queen  
  43  4:31  Hydralisk Den  
  42  4:50  Drone x2  
  44  5:02  Hydralisk x3  
  44  5:03  Hydralisk x6  
  62  5:09  Hydralisk  
  64  5:15  Hydralisk  
  64  5:16  Hydralisk x2  
  64  5:19  Drone x2  
  72  5:22  Drone  
  72  5:24  Drone  
  72  5:26  Drone  
  75  5:43  Spine Crawler  
  75  5:44  Spine Crawler  
  73  5:53  Hydralisk x3  
  73  5:56  Overlord  
  73  5:57  Overlord  
  79  6:00  Drone  
  80  6:32  Hydralisk  
  80  6:33  Hydralisk x7  
  96  6:40  Overlord  
  96  6:41  Overlord x2  
  96  6:45  Overlord  
  96  6:55  Grooved Spines  
  96  7:01  Drone  
  96  7:02  Drone x4  
  101  7:14  Overlord  
  101  7:15  Overlord x2  
  101  7:18  Drone  
  101  7:19  Drone x2  
  104  7:44  Hatchery  
  104  7:46  Muscular Augments  
  103  7:51  Hydralisk  
  103  7:52  Hydralisk x6  
  117  8:14  Spine Crawler  
  117  8:16  Spine Crawler  
  117  8:18  Spine Crawler  
  117  8:19  Spine Crawler x2  
  112  8:26  Drone x2  
  114  8:27  Drone x7  
  114  8:28  Drone  
  122  9:06  Hydralisk x2  
  122  9:07  Hydralisk x9  
  144  9:24  Evolution Chamber  
  144  9:27  Evolution Chamber  
  142  9:51  Hydralisk  
  142  9:52  Hydralisk x6  
  144  9:53  Hydralisk  
  144  9:58  Zerg Missile Weapons Level 1  
  144  9:59  Zerg Ground Armor Level 1  
  158  10:00  Overlord x2  
  158  10:01  Overlord x5  
  158  10:20  Extractor  
  157  10:24  Extractor  
  156  10:31  Hydralisk x7  
  156  10:32  Hydralisk x4  
  178  11:05  Hydralisk x2  
  178  11:06  Hydralisk x9  
  184  12:10  Hydralisk x2  
  184  12:11  Hydralisk x12  
  184  12:12  Hydralisk x9  
  184  12:13  Hydralisk, Drone  
  191  12:17  Hydralisk x3  
  141  12:54  Hydralisk x6  
  141  12:55  Hydralisk x2  
  155  13:05  Hydralisk x2  
  153  13:18  Hydralisk  
  153  13:19  Hydralisk x2  
  145  13:49  Hydralisk  
  145  13:50  Hydralisk x8  
  145  13:51  Hydralisk  
  145  13:54  Hydralisk  
  163  14:17  Hydralisk  
  163  14:18  Hydralisk x7  
  138  15:05  Hatchery  
  135  15:14  Hydralisk  
  135  15:15  Hydralisk x7  
  135  15:16  Hydralisk x11  
  170  17:01  Drone  
Show
View Real Time Build Order
Export as new Build Order

A.I. 1 (Very Hard) Zerg - Winner!

Build Orders: Pool First 

Get SALT Encoding   

  12  0:00  Drone  
  13  0:12  Overlord  
  13  0:17  Drone  
  14  0:30  Drone x2  
  14  0:34  Drone  
  17  0:47  Spawning Pool  
  17  0:49  Drone  
  17  1:09  Hatchery  
  16  1:12  Drone  
  16  1:14  Extractor  
  16  1:18  Drone  
  17  1:21  Extractor  
  17  1:24  Drone  
  17  1:28  Drone  
  18  1:38  Drone  
  19  1:49  Overlord  
  19  1:58  Queen  
  21  2:04  Zergling x2  
  22  2:10  Drone  
  23  2:30  Queen  
  23  2:36  Drone  
  26  2:40  Drone  
  27  2:45  Drone  
  27  2:48  Drone  
  29  3:03  Roach Warren  
  29  3:05  Drone  
  29  3:08  Drone  
  29  3:11  Zergling x2  
  31  3:15  Zergling x2  
  32  3:21  Overlord  
  32  3:25  Drone  
  33  3:27  Drone  
  34  3:42  Roach  
  34  3:43  Roach x2  
  34  3:44  Roach  
  42  3:51  Lair  
  42  3:56  Overlord  
  42  4:01  Overlord  
  42  4:04  Zergling x2  
  42  4:06  Zergling x2  
  44  4:14  Zergling x2, Drone x2  
  44  4:16  Drone  
  48  4:19  Drone  
  48  4:21  Drone  
  50  4:26  Overlord  
  50  4:31  Roach  
  52  4:34  Roach  
  52  4:38  Roach  
  56  4:41  Roach  
  56  4:44  Overlord  
  58  4:51  Drone, Hydralisk Den  
  58  4:53  Drone  
  58  4:55  Drone  
  58  4:59  Roach  
  62  5:05  Drone  
  63  5:07  Drone  
  63  5:09  Drone  
  63  5:11  Drone  
  66  5:15  Overlord  
  66  5:18  Drone  
  66  5:20  Hydralisk, Drone  
  70  5:23  Hydralisk  
  70  5:25  Drone  
  70  5:27  Drone  
  74  5:29  Drone  
  74  5:31  Drone  
  74  5:33  Drone  
  77  5:39  Overlord  
  77  5:43  Drone  
  77  5:45  Drone, Infestation Pit  
  77  5:48  Drone  
  79  5:50  Roach  
  79  5:51  Ravager  
  82  5:58  Overlord, Roach, Ravager  
  82  5:59  Roach  
  82  6:01  Hydralisk  
  89  6:09  Metabolic Boost  
  89  6:14  Hydralisk  
  89  6:15  Evolution Chamber  
  89  6:16  Roach  
  89  6:18  Overlord  
  92  6:21  Roach  
  92  6:23  Roach, Infestor  
  98  6:26  Infestor  
  100  6:33  Extractor  
  100  6:35  Drone  
  100  6:36  Overlord, Extractor  
  100  6:37  Drone  
  100  6:43  Zerg Melee Weapons Level 1  
  100  6:47  Evolution Chamber  
  99  6:52  Evolution Chamber  
  99  6:53  Drone  
  99  6:54  Spine Crawler, Infestor  
  99  6:55  Drone  
  99  6:57  Overlord, Drone x2  
  99  6:58  Drone  
  99  7:00  Drone x2  
  106  7:06  Drone  
  107  7:14  Overseer  
  107  7:16  Infestor  
  107  7:19  Spine Crawler  
  107  7:20  Drone  
  109  7:25  Zerg Missile Weapons Level 1  
  109  7:39  Zerg Ground Armor Level 1  
  109  7:43  Hydralisk, Overlord  
  111  7:48  Hydralisk  
  113  7:58  Spore Crawler  
  113  8:04  Lurker Den  
  111  8:13  Spine Crawler  
  111  8:15  Roach  
  111  8:17  Spore Crawler, Roach  
  111  8:19  Drone  
  114  8:20  Overlord, Roach  
  114  8:21  Roach  
  114  8:24  Roach  
  120  8:30  Ravager  
  120  8:33  Roach  
  123  8:38  Overlord, Roach  
  123  8:39  Roach, Queen  
  123  8:40  Queen  
  126  8:49  Hydralisk  
  125  8:57  Zergling x2  
  125  8:58  Spine Crawler  
  125  9:01  Spore Crawler  
  125  9:02  Drone, Lurker, Ravager  
  125  9:03  Hydralisk  
  125  9:04  Lurker  
  125  9:08  Hydralisk  
  125  9:09  Overlord  
  131  9:25  Hydralisk, Roach  
  131  9:26  Hydralisk, Roach  
  131  9:28  Roach  
  131  9:29  Roach  
  131  9:30  Roach  
  125  9:32  Roach  
  125  9:34  Roach  
  125  9:36  Roach  
  131  9:46  Spine Crawler  
  131  9:49  Infestor  
  132  10:03  Infestor  
  134  10:21  Hatchery  
  134  10:23  Hive  
  134  10:26  Spore Crawler  
  133  10:35  Zergling x2  
  133  10:37  Zergling x2  
  133  10:39  Overlord, Zergling x2  
  135  10:44  Zergling x2  
  135  10:49  Hydralisk  
  138  10:50  Hydralisk x2  
  138  10:54  Hydralisk  
  138  10:56  Spine Crawler  
  143  10:58  Overlord  
  143  11:03  Spore Crawler  
  142  11:05  Hydralisk  
  142  11:06  Hydralisk  
  142  11:09  Hydralisk  
  148  11:13  Hydralisk  
  148  11:17  Overlord, Hydralisk  
  152  11:23  Hydralisk  
  154  11:36  Viper  
  154  11:37  Zerg Melee Weapons Level 2  
  157  11:40  Spine Crawler  
  157  11:44  Spore Crawler  
  155  11:55  Viper  
  158  12:03  Hydralisk  
  158  12:06  Hydralisk  
  162  12:14  Overseer x2  
  162  12:24  Spore Crawler  
  162  12:29  Zergling x2  
  150  12:31  Zergling x2  
  136  12:42  Ultralisk Cavern  
  135  12:55  Hatchery  
  134  13:00  Spore Crawler  
  133  13:09  Zerg Missile Weapons Level 2  
  133  13:30  Ultralisk  
  139  13:47  Ultralisk  
  145  13:49  Zerg Ground Armor Level 2  
  145  13:52  Spore Crawler  
  144  14:00  Hatchery  
  143  14:05  Ultralisk  
  149  14:15  Roach  
  149  14:16  Roach x2  
  149  14:17  Roach  
  157  14:33  Ultralisk  
  163  14:42  Pneumatized Carapace  
  163  15:05  Spire  
  162  15:13  Drone x3  
  165  15:14  Drone  
  165  15:15  Drone  
  165  15:16  Drone x2  
  165  15:17  Drone x3  
  165  15:18  Overlord, Drone  
  165  15:19  Drone x2  
  165  15:20  Queen  
  177  15:29  Ultralisk  
  183  15:46  Extractor  
  182  15:51  Overlord, Overseer, Extractor  
  179  15:57  Zergling x2  
  179  15:58  Zergling x2  
  178  16:05  Ultralisk  
  181  16:13  Overlord, Overseer  
  175  16:18  Mutalisk  
  175  16:24  Mutalisk  
  185  16:47  Ultralisk  
  185  17:24  Spine Crawler  
  185  17:25  Spine Crawler  
  185  17:27  Spine Crawler  
Show
View Real Time Build Order
Export as new Build Order

A.I. 2 (Very Hard) Zerg 

Build Orders: Pool First 

Get SALT Encoding   

  12  0:01  Drone  
  13  0:12  Overlord  
  13  0:18  Drone  
  14  0:30  Drone x2  
  16  0:44  Spawning Pool  
  16  0:46  Drone  
  16  0:50  Drone  
  17  1:13  Hatchery, Drone  
  17  1:15  Extractor  
  16  1:19  Drone  
  16  1:23  Extractor  
  16  1:24  Drone  
  17  1:29  Drone  
  18  1:38  Drone  
  19  1:49  Overlord  
  19  1:59  Queen  
  21  2:05  Zergling x2  
  22  2:10  Drone  
  23  2:31  Queen  
  23  2:36  Drone  
  26  2:40  Drone  
  27  2:45  Drone  
  27  2:48  Drone  
  29  3:02  Roach Warren, Drone  
  29  3:06  Drone  
  29  3:10  Zergling x2  
  31  3:13  Zergling x2  
  31  3:19  Overlord  
  32  3:23  Drone  
  32  3:25  Drone  
  34  3:42  Roach  
  34  3:43  Roach  
  34  3:44  Roach  
  34  3:45  Roach  
  42  3:50  Lair  
  42  3:55  Overlord  
  42  4:00  Overlord  
  42  4:03  Zergling x2  
  42  4:06  Zergling x2  
  44  4:13  Zergling x2, Drone x2  
  44  4:16  Drone  
  48  4:18  Drone  
  48  4:21  Drone  
  50  4:26  Overlord  
  50  4:30  Roach  
  52  4:33  Roach  
  52  4:37  Roach  
  56  4:41  Roach  
  56  4:44  Overlord  
  58  4:51  Drone, Hydralisk Den  
  58  4:53  Drone  
  58  4:56  Drone  
  58  4:58  Roach  
  62  5:05  Drone  
  63  5:07  Drone  
  63  5:09  Drone  
  63  5:11  Drone  
  66  5:15  Overlord  
  66  5:17  Drone  
  66  5:18  Drone  
  66  5:21  Hydralisk, Drone  
  69  5:24  Hydralisk  
  69  5:26  Drone  
  74  5:28  Drone  
  74  5:30  Drone  
  74  5:35  Overlord  
  76  5:36  Drone  
  77  5:45  Drone  
  77  5:46  Drone x2, Infestation Pit  
  77  5:49  Roach  
  81  5:50  Ravager  
  81  5:53  Roach  
  81  5:56  Overlord, Ravager  
  85  5:59  Roach  
  85  6:01  Hydralisk  
  89  6:10  Metabolic Boost  
  89  6:13  Hydralisk  
  89  6:15  Overlord, Evolution Chamber  
  89  6:17  Drone  
  91  6:20  Roach  
  91  6:21  Infestor  
  91  6:22  Roach  
  97  6:30  Infestor  
  99  6:33  Extractor  
  99  6:34  Overlord  
  99  6:35  Extractor  
  97  6:42  Zerg Melee Weapons Level 1  
  97  6:47  Evolution Chamber  
  97  6:48  Drone  
  97  6:52  Evolution Chamber  
  97  6:53  Drone  
  97  6:55  Spine Crawler, Drone  
  97  6:56  Drone x2  
  97  6:57  Drone x2  
  97  6:58  Drone x2  
  97  6:59  Overlord  
  97  7:00  Infestor  
  105  7:10  Overseer  
  105  7:17  Infestor  
  105  7:20  Spine Crawler, Roach  
  105  7:22  Drone  
  109  7:29  Zerg Missile Weapons Level 1  
  109  7:43  Zerg Ground Armor Level 1  
  109  7:47  Hydralisk  
  109  7:48  Overlord  
  111  7:52  Hydralisk  
  113  8:01  Spore Crawler  
  112  8:06  Spore Crawler  
  112  8:07  Lurker Den  
  112  8:09  Spine Crawler  
  112  8:10  Drone  
  110  8:23  Ravager  
  110  8:25  Roach  
  113  8:28  Queen  
  113  8:32  Overlord, Ravager  
  116  8:34  Roach  
  116  8:37  Roach  
  116  8:39  Roach  
  122  8:42  Roach  
  122  8:44  Roach  
  122  8:46  Roach  
  128  8:49  Roach  
  128  8:51  Overlord, Roach  
  128  8:55  Hydralisk  
  134  9:00  Hydralisk  
  136  9:04  Hydralisk  
  136  9:06  Spine Crawler  
  136  9:09  Hydralisk  
  139  9:10  Overlord  
  139  9:13  Hydralisk  
  139  9:14  Hatchery  
  140  9:18  Hydralisk  
  140  9:22  Hydralisk  
  142  9:25  Lurker  
  142  9:27  Hydralisk, Zergling x2  
  142  9:29  Overlord  
  142  9:30  Roach  
  143  9:32  Roach  
  143  9:36  Hydralisk  
  143  9:37  Zergling x2  
  145  9:41  Hydralisk  
  147  9:46  Hydralisk  
  147  9:48  Overlord  
  147  9:50  Hydralisk  
  151  9:55  Hydralisk  
  151  9:59  Hydralisk  
  155  10:04  Hydralisk  
  155  10:06  Overlord  
  157  10:24  Spire  
  157  10:25  Overlord  
  157  10:28  Drone x2  
  158  10:29  Drone x2  
  158  10:30  Drone x2  
  158  10:31  Drone x2  
  158  10:32  Drone  
  158  10:33  Drone x2  
  158  10:34  Drone  
  168  10:37  Overseer  
  168  10:43  Extractor  
  168  10:46  Overseer  
  168  10:47  Extractor  
  168  10:49  Drone  
  167  10:56  Pneumatized Carapace  
  167  11:05  Drone  
  167  11:06  Overlord, Lurker  
  167  11:07  Spine Crawler  
  167  11:10  Drone  
  167  11:11  Drone  
  170  11:12  Drone x2  
  170  11:13  Hydralisk  
  174  11:29  Spine Crawler  
  174  11:30  Queen  
  175  11:35  Mutalisk, Spore Crawler  
  175  11:38  Mutalisk, Spore Crawler  
  177  11:41  Hive  
  177  11:45  Mutalisk  
  179  11:52  Mutalisk  
  181  11:58  Hatchery, Mutalisk  
  182  12:02  Hydralisk  
  182  12:04  Overseer  
  182  12:05  Overlord  
  182  12:07  Zergling x2, Overseer  
  182  12:08  Zergling x2  
  170  12:10  Roach x2  
  170  12:11  Roach  
  170  12:13  Roach  
  170  12:14  Roach  
  134  12:16  Roach  
  134  12:18  Roach  
  134  12:19  Roach  
  134  12:22  Hydralisk  
  99  12:26  Hydralisk  
  93  12:34  Zergling x2, Infestor  
  93  12:35  Zergling x2  
  88  12:38  Roach  
  88  12:41  Roach  
  88  12:43  Hydralisk  
  82  12:45  Roach x3  
  82  12:48  Roach  
  82  12:49  Roach  
  82  12:50  Hydralisk, Roach, Infestor  
  88  12:51  Roach  
  88  12:53  Roach  
  88  12:55  Zergling x2  
  88  12:56  Drone x2  
  88  12:57  Drone  
  83  13:01  Drone  
  83  13:02  Hydralisk, Roach  
  83  13:03  Roach  
  86  13:07  Roach  
  86  13:10  Roach  
  76  13:12  Zergling x2  
  76  13:18  Hydralisk  
  74  13:20  Drone x2  
  74  13:21  Zergling x2, Drone  
  74  13:24  Drone  
  66  13:29  Roach  
  66  13:30  Hydralisk, Roach  
  66  13:31  Drone  
  66  13:32  Drone  
  69  13:35  Zergling x2  
  69  13:41  Roach  
  64  13:42  Roach  
  64  13:45  Hydralisk  
  63  13:49  Drone, Roach  
  63  13:51  Hydralisk  
  63  13:52  Extractor  
  63  13:54  Drone  
  63  13:55  Drone  
  67  13:57  Drone  
  67  13:59  Zergling x2  
  67  14:01  Drone  
  69  14:03  Drone  
  69  14:05  Drone  
  69  14:07  Drone  
  69  14:08  Drone  
  65  14:14  Roach  
  65  14:16  Roach  
  63  14:19  Roach  
  62  14:26  Zergling x2  
  62  14:32  Hydralisk Den, Drone  
  62  14:35  Drone  
  62  14:37  Drone  
  64  14:40  Drone  
  62  14:45  Zergling x2  
  62  14:49  Hatchery  
  50  15:03  Hydralisk  
  50  15:05  Roach Warren  
  50  15:18  Spawning Pool  
  48  15:47  Roach  
  46  16:05  Lair  
  46  16:06  Zergling x2  
  46  16:08  Queen  
  46  16:24  Roach, Drone x2  
  48  16:44  Zergling x2  
  48  16:45  Roach  
  50  16:55  Drone, Roach  
  51  17:01  Hatchery  
  49  17:08  Zergling x2  
  49  17:15  Roach  
Show
View Real Time Build Order
Export as new Build Order

A.I. 3 (Very Hard) Zerg 

Build Orders: Pool First, Lurkers 

Get SALT Encoding   

  12  0:01  Drone  
  13  0:12  Overlord  
  13  0:17  Drone  
  14  0:30  Drone x2  
  14  0:34  Drone  
  17  0:49  Spawning Pool  
  16  0:50  Drone  
  17  1:12  Hatchery  
  17  1:13  Drone  
  17  1:17  Extractor  
  16  1:19  Extractor  
  16  1:22  Drone  
  16  1:25  Drone  
  17  1:29  Drone  
  18  1:38  Drone  
  19  1:49  Overlord  
  19  2:00  Queen  
  21  2:05  Zergling x2  
  22  2:11  Drone  
  23  2:31  Queen  
  25  2:37  Drone  
  25  2:43  Drone  
  27  2:48  Drone  
  28  2:53  Drone  
  29  3:08  Roach Warren  
  29  3:10  Drone  
  29  3:14  Drone  
  29  3:17  Zergling x2  
  31  3:20  Zergling x2  
  32  3:27  Overlord  
  32  3:30  Drone  
  32  3:33  Drone  
  34  3:48  Roach  
  36  3:49  Roach  
  36  3:50  Roach  
  36  3:51  Roach  
  42  3:58  Lair  
  42  4:03  Overlord  
  42  4:08  Overlord  
  42  4:12  Zergling x2  
  42  4:15  Zergling x2  
  43  4:21  Zergling x4  
  43  4:23  Drone  
  46  4:25  Drone  
  46  4:27  Drone  
  46  4:30  Drone  
  49  4:32  Drone  
  49  4:37  Roach  
  52  4:40  Roach  
  52  4:44  Overlord  
  54  4:52  Drone  
  55  4:55  Drone  
  55  4:57  Drone  
  55  4:59  Drone, Infestation Pit  
  57  5:01  Drone  
  58  5:07  Hydralisk Den  
  58  5:11  Drone  
  58  5:14  Drone  
  59  5:17  Overlord  
  59  5:20  Drone  
  60  5:22  Drone  
  60  5:24  Drone  
  60  5:26  Drone  
  60  5:27  Drone  
  64  5:30  Drone  
  65  5:36  Roach, Drone, Ravager  
  65  5:38  Overlord, Hydralisk  
  65  5:41  Hydralisk  
  73  5:44  Hydralisk  
  75  5:56  Hydralisk, Overlord  
  77  5:57  Drone x2  
  77  5:58  Drone x2  
  77  6:02  Roach  
  83  6:14  Hydralisk  
  83  6:15  Hydralisk, Roach  
  83  6:16  Overlord  
  83  6:17  Ravager  
  90  6:21  Lurker Den  
  90  6:25  Metabolic Boost  
  89  6:32  Evolution Chamber  
  89  6:33  Roach  
  89  6:34  Hydralisk  
  89  6:35  Overlord, Roach  
  89  6:36  Roach  
  96  6:43  Hydralisk  
  96  6:45  Extractor  
  96  6:46  Drone  
  98  6:51  Drone, Extractor  
  98  6:54  Overlord, Evolution Chamber  
  98  6:59  Zerg Melee Weapons Level 1  
  98  7:00  Evolution Chamber  
  96  7:01  Drone  
  96  7:07  Spine Crawler, Drone x2  
  96  7:08  Drone  
  99  7:09  Drone  
  99  7:11  Spine Crawler  
  99  7:12  Drone, Overseer  
  99  7:14  Drone  
  101  7:16  Drone  
  101  7:20  Overlord, Zerg Missile Weapons Level 1, Drone  
  101  7:21  Lurker  
  101  7:22  Lurker  
  105  7:26  Hydralisk  
  107  7:31  Hydralisk  
  109  7:45  Zerg Ground Armor Level 1  
  109  7:51  Spore Crawler  
  109  7:55  Lurker  
  109  7:56  Spore Crawler  
  108  7:59  Hydralisk  
  108  8:00  Overlord  
  110  8:06  Spine Crawler  
  110  8:07  Drone  
  110  8:27  Hive  
  110  8:35  Queen  
  107  8:42  Zergling x2  
  107  8:43  Zergling x2, Roach  
  107  8:46  Roach  
  107  8:48  Roach  
  102  8:50  Roach  
  102  8:51  Lurker  
  102  8:54  Hydralisk  
  74  8:59  Hydralisk  
  76  9:03  Overseer  
  76  9:06  Roach  
  76  9:08  Roach  
  80  9:11  Roach  
  80  9:14  Roach  
  80  9:16  Zergling x2  
  80  9:17  Hydralisk, Zergling x2  
  84  9:22  Hydralisk  
  83  9:24  Roach  
  83  9:29  Hydralisk  
  85  9:34  Hydralisk  
  85  9:36  Roach  
  89  9:39  Viper, Roach  
  89  9:41  Roach  
  89  9:43  Roach  
  100  9:45  Roach  
  100  9:48  Roach  
  100  9:51  Roach  
  106  9:52  Roach  
  106  9:55  Roach  
  106  9:57  Overlord, Roach  
  112  10:00  Roach  
  112  10:03  Hydralisk  
  114  10:08  Hydralisk  
  114  10:12  Hydralisk  
  118  10:16  Overlord  
  118  10:17  Hydralisk  
  120  10:21  Hydralisk  
  120  10:27  Hydralisk  
  124  10:31  Hydralisk  
  126  10:35  Overlord  
  126  10:36  Hydralisk  
  126  10:40  Hydralisk  
  130  10:45  Hydralisk  
  130  10:49  Hydralisk  
  134  10:54  Hydralisk, Overlord  
  136  10:58  Hydralisk  
  136  11:04  Hydralisk  
  140  11:12  Spine Crawler  
  140  11:13  Overlord  
  139  11:26  Spire  
  138  11:35  Queen  
  138  11:38  Ravager  
  141  11:41  Overlord, Roach  
  143  11:48  Ravager  
  143  11:50  Roach  
  143  11:52  Spine Crawler  
  145  11:57  Spore Crawler  
  144  12:04  Zergling x2  
  144  12:05  Zergling x2  
  144  12:08  Zergling x2  
  147  12:18  Overlord  
  147  12:20  Ultralisk Cavern  
  68  12:37  Hydralisk  
  68  12:38  Hydralisk  
  68  12:39  Roach  
  68  12:41  Roach  
  67  12:45  Hydralisk  
  67  12:50  Hydralisk  
  71  12:53  Roach  
  71  12:55  Roach  
  71  12:58  Roach  
  77  13:00  Roach  
  77  13:02  Roach  
  77  13:04  Roach  
  83  13:07  Roach  
  83  13:08  Ultralisk  
  83  13:11  Hydralisk, Lurker  
  94  13:30  Ultralisk  
  94  13:32  Roach  
  102  13:35  Roach  
  102  13:36  Roach  
  102  13:39  Roach  
  110  13:41  Roach  
  110  13:43  Roach  
  110  13:45  Roach  
  116  13:48  Roach  
  116  13:51  Roach  
  116  13:54  Hydralisk  
  120  13:59  Hydralisk  
  122  14:03  Hydralisk  
  122  14:08  Hydralisk  
  126  14:12  Hydralisk  
  126  14:16  Zergling x2  
  126  14:17  Zergling x2, Roach  
  127  14:19  Roach  
  127  14:20  Roach  
  127  14:22  Roach  
  88  14:41  Ultralisk  
  88  14:44  Roach  
  96  14:46  Roach  
  96  14:48  Roach  
  96  14:50  Roach  
  102  14:53  Roach  
  102  14:55  Zergling x2, Roach  
  102  14:57  Zergling x2, Roach  
  92  15:02  Hydralisk  
  88  15:07  Hydralisk  
  90  15:25  Ultralisk  
  96  15:29  Roach  
  96  15:33  Roach  
  100  15:37  Roach  
  100  15:42  Roach  
  104  15:48  Roach  
  106  15:54  Roach  
  100  15:59  Zergling x2  
  100  16:02  Zergling x2  
  72  16:09  Hydralisk  
  53  16:22  Zergling x2  
Tags
 
Add a new tag
Caveats
  • Supply blocks, unpowered buildings, or Contaminate may cause inaccurate times.
  • Supply counts are checked every 10 seconds.